 Dungeon Crawl Stone Soup version 0.23.2-40-g277498a001 (webtiles) character file.

Game seed: 18317074893376872777

73 BeastOfSaturn the Insei (level 4, -9/32 HPs)
             Began as a Demonspawn Transmuter on Oct 7, 2019.
             Killed by divine providence
             ... invoked by an orc priest
              (14 damage)
             ... on level 3 of the Dungeon.
             The game lasted 00:10:02 (2184 turns).

BeastOfSaturn the Insei (Demonspawn Transmuter)     Turns: 2184, Time: 00:10:03

Health: -9/32      AC:  9    Str: 12    XL:     4   Next: 8%
Magic:  7/7        EV: 11    Int: 14    God:
Gold:   192        SH:  0    Dex: 13    Spells: 6/7 levels left

rFire    . . .     SeeInvis .     - Unarmed
rCold    . . .     Gourm    .   (no shield)
rNeg     . . .     Faith    .   c - +0 ring mail
rPois    .         Spirit   .   (no helmet)
rElec    .         Reflect  .   i - +0 cloak
rCorr    .         Harm     .   (no gloves)
MR       .....                  (no boots)
Stlth    +.........             (no amulet)
HPRegen  0.10/turn              (no ring)
MPRegen  0.10/turn              (no ring)

@: no status effects
A: icy blue scales 2
a: no special abilities


You were on level 3 of the Dungeon.
You were not hungry.

You visited 1 branch of the dungeon, and saw 3 of its levels.

You collected 192 gold pieces.

Inventory:

Missiles
 a - 32 arrows
 j - 53 stones (quivered)
Armour
 b - a +0 robe
 c - a +0 ring mail (worn)
 i - a +0 cloak (worn)
Jewellery
 e - an uncursed amulet of inaccuracy
Scrolls
 h - 3 scrolls of identify {unknown}
 k - a scroll of immolation {unknown}
 m - a scroll of enchant armour {unknown}
 o - a scroll of teleportation {unknown}
Potions
 f - a potion of curing {unknown}
 g - a potion of haste {unknown}
 l - a potion of lignification {unknown}
 n - a potion of heal wounds {unknown}
Comestibles
 d - 5 rations


   Skills:
 - Level 1.0 Fighting
 * Level 2.2 Dodging
 * Level 3.9 Unarmed Combat
 - Level 2.0 Spellcasting
 + Level 2.5 Transmutations


You had 6 spell levels left.
You knew the following spells:

 Your Spells              Type           Power        Failure   Level  Hunger
a - Beastly Appendage     Tmut           #.....       19%         1    ##.....

Your spell library contained the following spells:

 Spells                   Type           Power        Failure   Level  Hunger
 Sticks to Snakes         Tmut           #.......     28%         2    ###....
 Spider Form              Tmut/Pois      #.........   67%         3    ####...
 Ice Form                 Ice/Tmut       #.......     97%         4    #####..
 Blade Hands              Tmut           #.........   99%         5    ######.


Dungeon Overview and Level Annotations

Branches:
Dungeon (3/15)

Altars:
Trog


Innate Abilities, Weirdness & Mutations

You are mostly covered in icy blue scales. (AC +3)


Message History

The orc priest completely misses you.
Your ring mail prevents you from hitting the orc priest.
The orc priest is heavily wounded.
Your transformation is almost over.
You hit the orc priest.
The orc priest is heavily wounded.
The orc priest hits you with a +0 hand axe.
You hit the orc priest but do no damage.
The orc priest is heavily wounded.
The orc priest invokes the aid of Beogh against you.
Beogh smites you!
You hit the orc priest but do no damage.
The orc priest is heavily wounded.
The orc priest mumbles some strange prayers to Beogh against you.
Pain shoots through your body!
* * * LOW HITPOINT WARNING * * *
Your horns disappear.
The orc priest invokes the aid of Beogh against you.
Beogh smites you!
You die...

#.......#
#.##.##.# #.
#.##>##.# ##.
#.#..##.# #..
#.#.###.# #..
#.#.###.# ob
#.......# #.
##########
###.#####
##.#####o.@.....#
#.#
#..o.obo.######.#
#.# ##.#######
#.# #.# ##
#.#####.#
#.......#
#########


You could see an orc priest, 3 orcs and a bat.

Vanquished Creatures
  3 adders (D:2)
  A worm (D:2)
  2 leopard geckos
  2 giant cockroaches
  3 goblins
  5 hobgoblins
  8 jackals
  5 bats
  2 frilled lizards
  2 kobolds
  5 rats
38 creatures vanquished.

Notes
Turn   | Place    | Note
-------+----------+-------------------------------------------
     0 | D:1      | BeastOfSaturn the Demonspawn Transmuter began the quest for
                  | the Orb.
     0 | D:1      | Reached XP level 1. HP: 15/15 MP: 3/3
   285 | D:1      | Reached skill level 3 in Unarmed Combat
   294 | D:1      | Gained mutation: You are partially covered in icy blue
                  | scales. (AC +2) [demonic ancestry]
   294 | D:1      | Reached XP level 2. HP: 10/21 MP: 3/5
   890 | D:2      | Found a bloodstained altar of Trog.
  1127 | D:2      | Reached XP level 3. HP: 16/26 MP: 6/6
  1792 | D:3      | Gained mutation: You are mostly covered in icy blue scales.
                  | (AC +3) [demonic ancestry]
  1792 | D:3      | Reached XP level 4. HP: 31/32 MP: 4/7
  2184 | D:3      | Killed from afar by an orc priest

Skill      XL: |  1  2 |
---------------+-------+-----
Unarmed Combat | 3 |  3.9
Dodging        | 2 |  2.2
Transmutations | 2 |  2.5
Fighting       | |  1.0
Spellcasting   | |  2.0

Action                   |  1- 3 |  4- 6 || total
-------------------------+-------+-------++-------
Melee: Unarmed           |   192 |    30 ||   222
       Kick              |     2 |     1 ||     3
       Headbutt          |     2 |       ||     2
       Punch             |     1 |       ||     1
Throw: Stone             |     6 |       ||     6
 Cast: Beastly Appendage |     3 |     1 ||     4
  Use: Scroll            |     1 |       ||     1
  Eat: Chunk             |     3 |     1 ||     4
Armor: Ring mail         |    99 |    19 ||   118
Dodge: Dodged            |   111 |    30 ||   141
